AoeStats
← xyz

African Clearing

505933371Analyzed
4v4 RM · 22d ago on Sep 11, 2026· 37m 55s· 8 players
Game mode
Random Map
Map size
Large (8 player)
Population
200
Speed
Normal
Resources
Standard
Victory
Conquest
Starting age
Dark Age
Ending age
Imperial Age
RankedLock teamsTeams togetherTeam positionsShared explorationLock speedFull tech treeHidden civsTurbo modeCheats
Victory
Defeat
🇹🇷 Japanese · Türkiye
1103
+10
🇹🇷 Poles · Türkiye
1050
+12
🇹🇷 Italians · Türkiye
992
+13
🇹🇷 Gurjaras · Türkiye
972
+14
🇹🇷 Burmese · Türkiye
973
-13
🇬🇧 Teutons · United Kingdom
973
-13
🇧🇷 Khmer · Brazil
970
-13
🇧🇷 Italians · Brazil
896
-10
TT
3:27 Loom
17:08 Feudal Age
18:25 Town Watch
szczuply23
4:05 Loom
17:37 Feudal Age
19:14 Horse Collar
19:21 Double-Bit Axe
21:14 Stone Mining
24:54 Castle Age
28:06 Stone Mining
xyz
4:09 Loom
15:22 Feudal Age
16:15 Horse Collar
18:20 Town Watch
25:29 Castle Age
23:58 Stone Mining
25:09 Man-at-Arms
aos.ceus
5:38 Loom
18:04 Feudal Age
22:40 Castle Age
20:31 Double-Bit Axe
20:39 Gold Mining
20:42 Stone Mining
21:32 Horse Collar
23:16 Fletching
23:27 Padded Archer Armor
28:09 Bodkin Arrow
28:31 Leather Archer Armor
32:22 Ballistics
31:58 Murder Holes
yucesoy83
5:00 Loom
17:47 Feudal Age
21:29 Stone Mining
23:56 Castle Age
21:48 Double-Bit Axe
22:47 Fletching
26:28 Thumb Ring
27:10 Wheelbarrow
26:28 Gold Mining
26:27 Town Watch
28:17 Murder Holes
32:43 Stone Shaft Mining
32:26 Hand Cart
34:02 Bow Saw
34:53 Padded Archer Armor
Avcı-47
10:45 Loom
13:59 Feudal Age
19:26 Castle Age
20:22 Forging
21:27 Town Watch
21:29 Arson
21:47 Scale Mail Armor
31:17 Horse Collar
32:14 Squires
32:55 Heavy Plow
36:37 Double-Bit Axe
Ruenation
6:45 Loom
14:38 Feudal Age
15:22 Horse Collar
16:55 Bloodlines
16:59 Forging
17:50 Double-Bit Axe
20:02 Scale Barding Armor
25:30 Castle Age
25:28 Stone Mining
26:12 Light Cavalry
27:40 Heavy Plow
29:41 Wheelbarrow
31:21 Chain Barding Armor
31:37 Iron Casting
35:54 Imperial Age
34:43 Szlachta Privileges
37:04 Fletching
37:59 Husbandry
Griever
4:32 Loom
14:27 Feudal Age
20:47 Castle Age
20:59 Town Watch
21:53 Wheelbarrow
22:25 Fletching
25:47 Double-Bit Axe
26:23 Horse Collar
27:26 Heavy Plow
30:44 Scale Mail Armor
30:54 Forging
33:18 Bow Saw
33:56 Hand Cart
35:21 Scale Barding Armor
35:53 Iron Casting
37:17 Husbandry
Connection lost

Rejoining the realm…

Still unreachable

The connection could not be restored.

Session expired

The server has moved on; the page needs a fresh start.